 Dungeon Crawl Stone Soup version 0.22-a0-396-g3f858e3 (webtiles) character file.

575386 Kairos the Hoplite (level 27, -44/139 HPs)
             Began as a Vine Stalker Fighter on May 3, 2018.
             Was the Champion of Okawaru.
             Killed from afar by ZomBoFoB's ghost (48 damage)
             ... with a great blast of fire
             ... in Pandemonium on May 4, 2018.
             The game lasted 03:15:35 (49696 turns).

Kairos the Hoplite (Vine Stalker Fighter)          Turns: 49696, Time: 03:15:43

Health: -44/139    AC: 23    Str: 30      XL:     27
Magic:  0/44       EV: 20    Int: 13      God:    Okawaru [******]
Gold:   5462       SH: 29    Dex: 22 (23) Spells: 48/58 levels left

rFire    + + .     SeeInvis +   T - +9 sacred scourge (holy)
rCold    + . .     Gourm    .   R - +3 large shield of Tulips {rN+ MR++ rCorr Stlth-}
rNeg     + + +     Faith    .   V - +6 scale mail "Ocrogir" {Str+3 Int+6 Dex+2 Stlth-}
rPois    +         Spirit   +   (helmet restricted)
rElec    +         Reflect  .   m - +0 cloak {MR+}
rCorr    +         Harm     .   M - +0 pair of gloves "Wynasche" {Int+3 Slay+4}
MR       +++++     Rnd*Tele +   l - +2 pair of boots {run}
Stlth    ++........             z - amulet "Ilaoco" {Regen+ Dex+2}
HPRegen  1.53/turn              x - ring of Pyusaso {rElec rPois rC++ MR+ Stlth+}
MPRegen  0.29/turn              U - ring "Denacvai" {Fire rN++ SInv}

@: studying Air Magic, quick
A: fangs 3, horns 1, molten scales 1, blurry vision 1, deterioration 1, dopey 2,
fire resistance 1, frail 1, sense surroundings 1, regeneration 2, screaming 1,
teleportitis 1, wild magic 1, magic shield, antimagic bite, no potion heal 3,
rot immunity
}: 3/15 runes: decaying, silver, gossamer
a: Heroism, Finesse, Renounce Religion


You were in Pandemonium.
You worshipped Okawaru.
Okawaru was exalted by your worship.
You were not hungry.

You visited 8 branches of the dungeon, and saw 44 of its levels.
You visited Pandemonium 1 time, and saw 2 of its levels.
You visited the Abyss 1 time.
You also visited: Labyrinth, Trove, Ice Cave and Wizlab.

You collected 8188 gold pieces.
You spent 2726 gold pieces at shops.

Inventory:

Hand Weapons
 G - the +5 broad axe of Nachenua {chop, Int+4}
   (Okawaru gifted it to you on level 15 of the Dungeon)

   It inflicts extra damage upon your enemies.
   It affects your intelligence (+4).
 P - the +8 broad axe of Zozxoz {drain, +Fly rElec rF- Str+3}
   (Okawaru gifted it to you on level 9 of the Dungeon)

   A truly terrible weapon, it drains the life of those it strikes.
   It affects your strength (+3).
   It makes you vulnerable to fire.
   It insulates you from electricity.
   It lets you fly.
 T - a +9 sacred scourge of holy wrath (weapon)
 X - a +9 broad axe of flaming
Armour
 c - the -1 pair of boots of Rayzopn {rF++}
   (Okawaru gifted it to you on level 2 of the Abyss)

   It greatly protects you from fire.
 g - the +3 helmet of the Townfolk {rF+ Int+2 Dex+3}
   (You found it on level 5 of the Vaults)

   It affects your intelligence (+2).
   It affects your dexterity (+3).
   It protects you from fire.
 l - a +2 pair of boots of running (worn)
 m - a +0 cloak of magic resistance (worn)
 F - the +5 buckler of the Comet {rF+++ rC- Str+2 SInv}
   (Okawaru gifted it to you on level 3 of the Spider Nest)

   It affects your strength (+2).
   It renders you almost immune to fire.
   It makes you vulnerable to cold.
   It lets you see invisible.
 M - the +0 pair of gloves "Wynasche" (worn) {Int+3 Slay+4}
   (Okawaru gifted it to you on level 3 of the Elven Halls)

   It affects your intelligence (+3).
   It affects your accuracy and damage with ranged weapons and melee attacks
   (+4).
 O - the +2 pair of gloves of Day {rC+ rN++ MP-9 Slay+3}
   (Okawaru gifted it to you on level 2 of the Lair of Beasts)

   It affects your accuracy and damage with ranged weapons and melee attacks
   (+3).
   It protects you from cold.
   It greatly protects you from negative energy.
   It affects your magic capacity (-9).
 R - the +3 large shield of Tulips (worn) {rN+ MR++ rCorr Stlth-}
   (Okawaru gifted it to you on level 10 of the Dungeon)

   It protects you from negative energy.
   It affects your resistance to hostile enchantments.
   It protects you from acid and corrosion.
   It makes you less stealthy.
 V - the +6 scale mail "Ocrogir" (worn) {Str+3 Int+6 Dex+2 Stlth-}
   (You found it on level 1 of the Lair of Beasts)

   It affects your strength (+3).
   It affects your intelligence (+6).
   It affects your dexterity (+2).
   It makes you less stealthy.
 Z - the +2 shield of Resistance {rF+ rC+ MR+}
   (You found it on level 5 of the Vaults)

   It protects you from fire.
   It protects you from cold.
   It affects your resistance to hostile enchantments.
Jewellery
 n - the ring of Disaster {+Inv +Fly SInv Stlth+}
   (You found it in an ice cave)

   [ring of stealth]

   It lets you see invisible.
   It lets you turn invisible.
   It lets you fly.
   It makes you more stealthy.
 o - a +4 amulet of reflection
 x - the ring of Pyusaso (left hand) {rElec rPois rC++ MR+ Stlth+}
   (You found it on level 2 of the Swamp)

   [ring of stealth]

   It greatly protects you from cold.
   It insulates you from electricity.
   It protects you from poison.
   It affects your resistance to hostile enchantments.
   It makes you more stealthy.
 y - an uncursed amulet of rage
 z - the amulet "Ilaoco" (around neck) {Regen+ Dex+2}
   (You took it off a deep elf high priest on level 3 of the Depths)

   [amulet of regeneration]

   It affects your dexterity (+2).
   It increases your rate of regeneration.
 B - the ring "Vigabluh" {EV+3 Int+3 Dex+3}
   (You took it off a deep elf mage on level 3 of the Elven Halls)

   [ring of evasion]

   It affects your evasion (+3).
   It affects your intelligence (+3).
   It affects your dexterity (+3).
 C - a +3 ring of slaying
 U - the ring "Denacvai" (right hand) {Fire rN++ SInv}
   (You found it on level 4 of the Depths)

   [ring of fire]

   It enhances your fire magic.
   It protects you from fire.
   It makes you vulnerable to cold.
   It greatly protects you from negative energy.
   It lets you see invisible.
 Y - an uncursed ring of protection from fire
Wands
 w - a wand of digging (53)
 Q - a wand of clouds (18)
Scrolls
 a - 4 scrolls of holy word
 e - 5 scrolls of blinking
 h - 15 scrolls of remove curse
 i - 10 scrolls of fear
 j - 6 scrolls of magic mapping
 k - 6 scrolls of enchant armour
 p - 7 scrolls of fog
 t - 11 scrolls of identify
 K - 8 scrolls of summoning
 L - 31 scrolls of teleportation
 S - 6 scrolls of immolation
 W - 5 scrolls of silence
Potions
 b - 2 potions of invisibility
 d - 10 potions of might
 q - 2 potions of cancellation
 r - 5 potions of ambrosia
 s - 5 potions of berserk rage
 v - 4 potions of magic
 D - 8 potions of flight
 E - 5 potions of haste
 H - 4 potions of resistance
 I - 17 potions of curing
 J - 7 potions of brilliance
 N - 6 potions of agility
Books
 u - a manual of Air Magic
Comestibles
 f - 55 rations


   Skills:
 * Level 19.5 Fighting
 - Level 18.0(18.1) Axes
 - Level 4.1(12.7) Maces & Flails
 + Level 11.6 Armour
 + Level 10.9 Dodging
 + Level 7.1 Stealth
 + Level 22.5 Shields
 * Level 16.2 Spellcasting
 + Level 8.5 Charms
 + Level 8.6 Necromancy
 * Level 2.2 Translocations
 * Level 6.7 Air Magic
 + Level 3.8 Invocations
 + Level 1.3 Evocations


You had 48 spell levels left.
You knew the following spells:

 Your Spells              Type           Power        Failure   Level  Hunger
a - Blink                 Tloc           N/A          13%         2    None
b - Regeneration          Chrm/Necr      #####.....   2%          3    None
c - Silence               Hex/Air        ####......   78%         5    ####...


Dungeon Overview and Level Annotations

Branches:
Dungeon (15/15)            Temple (0/1) D:4            Lair (6/6) D:11
  Swamp (4/4) Lair:3       Spider (4/4) Lair:2        Slime (0/5) Lair:5
    Orc (2/2) D:10            Elf (3/3) Orc:2        Vaults (5/5) D:13
  Crypt (0/3) Vaults:2     Depths (5/5) D:15            Zot (0/5) Depths:5

Altars:
Ashenzari
Dithmenos
Fedhas
Gozag
Hepliaklqana
Okawaru
Ru
Uskayaw
Wu Jian
Xom
Yredelemnul
Zin
Beogh
Jiyva

Shops:
Orc:2 [*((   Elf:1 !=}=   Vaults:1 [   Vaults:2 *   Vaults:3 *   Vaults:5 %%%

Portals:
Hell: Depths:1 Depths:2 Depths:3 Depths:4 Depths:5
Abyss: Depths:4
Pandemonium: Depths:3 Depths:4
Ziggurat: Depths:3

Annotations:
Elf:2 2 runed doors
Pan ZomBoFoB's ghost, legendary DDEE


Innate Abilities, Weirdness & Mutations

You have razor-sharp teeth.
You heal very quickly.
When hurt, damage is shared between your health and your magic reserves.
Your bite disrupts and absorbs the magic of your enemies.
Potions cannot restore your health.
You are immune to rotting.
You have a pair of small horns on your head.
You are partially covered in molten scales. (AC +2)
Scrolls take you a little longer to read.
Your body sometimes deteriorates upon taking damage.
You are very dopey. (Int -4)
Your flesh is heat resistant. (rF+)
You are frail. (-10% HP)
You passively map a small area around you.
You occasionally shout uncontrollably at your foes.
You are occasionally teleported next to monsters.
Your spells are a little harder to cast, but a little more powerful.


Message History

You thrash ZomBoFoB's ghost!!
ZomBoFoB's ghost convulses.
You headbutt ZomBoFoB's ghost. Your bite misses ZomBoFoB's ghost.
ZomBoFoB's ghost is lightly damaged.
You whack ZomBoFoB's ghost!
ZomBoFoB's ghost convulses!
Your bite misses ZomBoFoB's ghost.
ZomBoFoB's ghost is moderately damaged.
ZomBoFoB's ghost points at you and mumbles some strange words.
The crystal spear hits you!
* * * LOW HITPOINT WARNING * * *
You hit ZomBoFoB's ghost but do no damage.
You headbutt ZomBoFoB's ghost, but do no damage.
Your bite misses ZomBoFoB's ghost.
ZomBoFoB's ghost is moderately damaged.
You miss ZomBoFoB's ghost.
You bite ZomBoFoB's ghost, but do no damage.
ZomBoFoB's ghost is moderately damaged.
ZomBoFoB's ghost points at you and mumbles some strange words.
A raging storm of fire appears!
The great blast of fire engulfs you! You partially resist.
You die...

* * ,,,
, , , ,
, ,#
##### ,
, ,
#.#...#
,
#(#...#
, , ,
#.'...#
#.#...#
#.#W..#
, ,
#,#@..#
*
,#...+
, , ,
#...#,*
, #...#
* , ,
##### *
, , , ,
, , , *


You could see ZomBoFoB's ghost.

Vanquished Creatures
  Mennas (Pan)
  Sojobo (Vaults:4)
  2 juggernauts
  A pandemonium lord (Pan)
  Boris (Vaults:5)
  Saint Roka (Depths:2)
  2 caustic shrikes (Depths:3)
  Xtahua (Depths:5)
  5 golden dragons
  Nikola (Depths:2)
  the Enchantress (Depths:5)
  A Hellbinder (WizLab)
  Arachne (Spider:4)
  7 liches
  2 bone dragons
  A Tzitzimitl (Pan)
  Jorgrun (Swamp:3)
  2 Ice Fiends
  A tentacled monstrosity (Vaults:5)
  Rupert (Lair:4)
  5 titans
  3 deep elf blademasters
  A quicksilver dragon (Vaults:5)
  2 deep elf master archers (Elf:3)
  Frances (Swamp:1)
  2 sphinxes
  4 thorn hunters
  2 tentacled starspawn (Abyss:2)
  Donald (Swamp:3)
  Kirke (Swamp:3)
  5 storm dragons
  10 shadow dragons
  Roxanne (Swamp:4)
  A revenant (Vaults:2)
  7 tengu reavers
  6 deep elf sorcerers
  8 frost giants
  3 iron dragons
  3 ghost moths (Spider:4)
  20 vault wardens
  6 emperor scorpions
  10 fire giants
  A balrug (Depths:4)
  An orc warlord (Vaults:5)
  A warmonger (Pan)
  Aizul (Swamp:3)
  6 deep elf elementalists
  12 cacodemons
  5 spriggan defenders
  A draconian stormcaller (Depths:5)
  A draconian annihilator (Depths:5)
  A blood saint (Pan)
  3 war gargoyles (Vaults:5)
  16 ironheart preservers
  28 stone giants
  6 very ugly things
  5 entropy weavers
  2 green draconians (Depths:5)
  3 black draconians (Depths:5)
  7 vampire knights
  6 deep elf demonologists
  A black sun (WizLab)
  4 lorocyprocas (WizLab)
  12 deep elf annihilators
  A white draconian (Depths:5)
  A minotaur (Lab)
  16 ettins
  4 spark wasps
  2 crystal guardians
  3 blizzard demons
  Snorg (Orc:2)
  4 green deaths
  Josephine (D:15)
  13 yaktaur captains
  9 deep elf death magi
  A merfolk javelineer (Depths:1)
  6 deep elf high priests
  5 fire dragons
  31 vault guards
  7 great orbs of eyes
  13 ice dragons
  Erolcha (D:12)
  13 hydras
  2 rakshasas (Depths:1)
  2 ghost crabs (Swamp:4)
  5 spriggan air magi
  23 alligators
  39 two-headed ogres
  Erica (Orc:1)
  10 ogre magi
  A queen ant (Lair:6)
  3 catoblepae (Lair:6)
  3 death knights
  8 tengu warriors
  5 centaur warriors
  A catoblepas (shapeshifter) (Vaults:4)
  8 large abominations
  10 deep troll shamans
  26 dancing weapons
  5 vampire magi
  Urug (Lair:2)
  9 death yaks
  7 deep troll earth magi
  4 spriggan berserkers (Depths:3)
  4 spriggans
  An orc high priest (Orc:1)
  A shock serpent (shapeshifter) (Depths:3)
  8 soul eaters
  2 thrashing horrors (Abyss:2)
  6 sun demons
  7 hell knights
  27 deep elf knights
  9 skeletal warriors
  8 iron trolls
  2 fire crabs (shapeshifter)
  A shadow wraith (Vaults:4)
  8 sixfirhies
  A torturous demonspawn (Pan)
  2 unseen horrors
  6 glowing orange brains
  31 deep trolls
  4 spriggan druids
  An infernal demonspawn (Pan)
  4 spectral hydras (Swamp:4)
  2 gelid demonspawn (Pan)
  3 shadow demons (WizLab)
  2 swamp dragons
  7 wizards
  16 deep elf archers
  8 phantasmal warriors
  11 orc knights
  A lindwurm (Lair:6)
  5 flayed ghosts
  2 shambling mangroves
  2 necromancers
  10 ironbrand convokers
  22 orb spiders
  60 deep elf magi
  37 ugly things
  42 wolf spiders
  2 oklob plants
  A tengu skeleton (Vaults:4)
  8 orc sorcerers
  A salamander (shapeshifter) (Vaults:2)
  A salamander (D:15)
  A moth of wrath (Spider:4)
  2 ice statues
  3 elephants (Lair:2)
  6 cyclopes
  3 black mambas
  3 manticores
  Maurice (D:10)
  15 vault sentinels
  2 apocalypse crabs (Abyss:2)
  3 rust devils
  A black mamba (shapeshifter) (Vaults:4)
  7 smoke demons
  3 gargoyles
  17 spiny frogs
  2 torpor snails
  2 komodo dragons (shapeshifter)
  46 yaktaurs
  5 swamp worm zombies (Swamp:4)
  2 orange demons
  A tormentor (WizLab)
  2 anaconda simulacra (IceCv)
  7 ice devils
  An efreet (Abyss:2)
  8 demonic crawlers
  A yaktaur skeleton (Vaults:4)
  15 freezing wraiths
  2 kobold demonologists
  5 small abominations
  8 komodo dragons
  2 rime drakes
  4 red devils
  2 tengu conjurers
  An ancient zyme (Abyss:2)
  A minotaur skeleton (Lab)
  4 hellwings
  3 hydra zombies (Swamp:4)
  13 trolls
  34 jumping spiders
  A polar bear (Lair:6)
  5 tyrant leeches
  17 hornets
  A hornet (shapeshifter) (Depths:3)
  A merfolk (shapeshifter) (D:15)
  21 blink frogs
  2 raiju (Abyss:2)
  11 bog bodies
  39 slime creatures
  An alligator zombie (Swamp:4)
  14 hippogriffs
  A spectral swamp dragon (Swamp:4)
  2 raiju (shapeshifter)
  8 shadows
  4 air elementals
  53 redbacks
  7 starcursed masses (Abyss:2)
  11 wraiths
  69 yaks
  A spriggan (shapeshifter) (Depths:3)
  20 tarantellas
  5 ynoxinuls
  A redback (shapeshifter) (D:15)
  5 water elementals
  4 dire elephant simulacra (IceCv)
  3 wyverns
  4 hogs (Swamp:3)
  A vampire (D:13)
  Eustachio (D:6)
  4 fire elementals
  A basilisk (shapeshifter) (Depths:1)
  3 neqoxecs
  3 basilisks
  A hog (shapeshifter) (Depths:3)
  10 chaos spawn
  A death yak simulacrum (IceCv)
  15 vampire mosquitoes
  7 hungry ghosts
  A steam dragon (D:13)
  15 insubstantial wisps
  2 harpy simulacra (IceCv)
  25 soldier ants
  3 iron troll simulacra (IceCv)
  13 wargs
  A water moccasin (shapeshifter) (Vaults:5)
  4 acid dragons
  15 swamp worms
  10 water moccasins
  7 porcupines
  4 hydra simulacra (IceCv)
  A floating eye (shapeshifter) (Depths:1)
  2 sky beasts
  3 black bears
  7 phantoms
  8 swamp drakes
  6 ice beasts
  4 swamp dragon zombies (Swamp:4)
  A sky beast (shapeshifter) (Depths:2)
  A human zombie (Vaults:4)
  An ettin simulacrum (Vaults:3)
  3 eyes of draining (shapeshifter)
  37 ogres
  54 orc warriors
  3 wolves (Lair:2)
  9 boggarts
  19 centaurs
  A crocodile (shapeshifter) (Depths:1)
  16 crocodiles
  2 big kobolds
  An earth elemental (Elf:3)
  24 bullfrogs
  A wyvern zombie (D:11)
  A human simulacrum (Vaults:4)
  A wyvern skeleton (D:8)
  7 scorpions
  An elephant simulacrum (IceCv)
  18 killer bees
  A swamp dragon simulacrum (IceCv)
  17 wights
  3 electric eels
  2 spriggan skeletons (Lab)
  4 howler monkeys
  A troll skeleton (Lab)
  7 crimson imps
  A hound (shapeshifter) (Depths:2)
  3 centaur zombies
  A bullfrog zombie (D:6)
  5 draconian simulacra (IceCv)
  4 quasits
  Crazy Yiuf (D:6)
  26 orc priests
  2 centaur skeletons
  4 hounds
  3 jellies
  28 orc wizards
  4 iron imps
  Jessica (D:2)
  22 worker ants
  An iguana (shapeshifter) (Vaults:5)
  6 iguanas
  2 spectral swamp drakes (Swamp:4)
  3 troll simulacra (IceCv)
  2 spriggan simulacra (IceCv)
  A polar bear simulacrum (IceCv)
  A wolf simulacrum (IceCv)
  A killer bee zombie (D:5)
  A centaur simulacrum (IceCv)
  An ogre skeleton (Lab)
  2 hound zombies
  A worker ant zombie (D:9)
  A howler monkey skeleton (D:9)
  15 adders
  15 gnolls
  A swamp drake zombie (Swamp:4)
  A naga simulacrum (IceCv)
  4 ogre simulacra (IceCv)
  3 shadow imps
  11 white imps
  5 ufetubi
  2 oozes (D:4)
  An adder zombie (D:8)
  An adder skeleton (D:4)
  2 worms (D:3)
  3 dart slugs
  7 leopard geckos
  129 orcs
  4 ball pythons
  5 giant cockroaches
  5 goblins
  6 hobgoblins
  26 jackals
  14 kobolds
  8 quokkas
  9 bats
  7 frilled lizards
  A jackal skeleton (D:4)
  2 leopard gecko skeletons
  6 rats
  4 briar patches (Swamp:1)
  A butterfly (Lair:1)
  4 crawling corpses
  9 fungi
  4 plants
  A starspawn tentacle (Abyss:2)
2347 creatures vanquished.

Vanquished Creatures (others)
  A vault warden (Vaults:1)
  4 stone giants
  A blizzard demon (WizLab)
  3 centaur warriors
  An ironbrand convoker (Vaults:5)
  A spriggan druid (Swamp:4)
  2 deep elf magi (Elf:3)
  2 cyclopes
  10 yaktaurs
  A hellwing (Pan)
  2 redbacks (Spider:4)
  6 orc warriors (Orc:2)
  15 centaurs
  5 orcs (Orc:2)
  8 fungi
  3 plants
  4 starspawn tentacles (Abyss:2)
69 creatures vanquished.

Grand Total: 2416 creatures vanquished

Notes
Turn   | Place    | Note
-------+----------+-------------------------------------------
     0 | D:1      | Kairos the Vine Stalker Fighter began the quest for the Orb.
     0 | D:1      | Reached XP level 1. HP: 11/11 MP: 2/2
   267 | D:1      | Reached XP level 2. HP: 16/16 MP: 3/3
  1245 | D:1      | Reached XP level 3. HP: 20/20 MP: 4/4
  1525 | D:2      | Noticed Jessica
  1527 | D:2      | Found a shimmering altar of Xom.
  1530 | D:2      | Killed Jessica
  1530 | D:2      | Reached skill level 3 in Shields
  1530 | D:2      | Gained mutation: Your natural rate of healing is unusually fast. [Vine Stalker growth]
  1530 | D:2      | Reached XP level 4. HP: 22/24 MP: 5/5
  2024 | D:2      | Found a sacrificial altar of Ru.
  2071 | D:2      | Found an iron altar of Okawaru.
  2074 | D:2      | Found a glowing silver altar of Zin.
  2074 | D:2      | Found a hazy altar of Hepliaklqana.
  2080 | D:2      | Became a worshipper of Warmaster Okawaru
  2383 | D:3      | Reached XP level 5. HP: 28/28 MP: 6/6
  2540 | D:3      | Reached skill level 1 in Stealth
  2616 | D:3      | Reached XP level 6. HP: 28/32 MP: 7/7
  2646 | D:3      | Found a blossoming altar of Fedhas.
  3138 | D:4      | Found a staircase to the Ecumenical Temple.
  3347 | D:4      | Reached skill level 4 in Shields
  3633 | D:4      | Reached XP level 7. HP: 36/36 MP: 8/8
  3697 | D:4      | Reached * piety under Okawaru
  3811 | D:5      | Entered Level 5 of the Dungeon
  3938 | D:5      | Reached skill level 1 in Dodging
  4017 | D:5      | Gained mutation: You have razor-sharp teeth. [Vine Stalker growth]
  4017 | D:5      | Reached XP level 8. HP: 39/42 MP: 9/9
  4031 | D:5      | Found a runed door.
  4305 | D:5      | Reached skill level 5 in Axes
  4975 | D:5      | Reached skill level 5 in Shields
  5053 | D:5      | Found a roughly hewn altar of Beogh.
  5161 | D:6      | Noticed Eustachio
  5179 | D:6      | Killed Eustachio
  5179 | D:6      | Reached ** piety under Okawaru
  5263 | D:6      | Reached skill level 5 in Armour
  5284 | D:6      | Reached XP level 9. HP: 41/45 MP: 7/10
  5317 | D:6      | Found a hide-covered altar of Uskayaw.
  5475 | D:6      | Found a runed door.
  5607 | D:6      | Noticed Crazy Yiuf
  5613 | D:6      | Killed Crazy Yiuf
  5613 | D:6      | Reached skill level 6 in Shields
  5655 | D:7      | Found a shadowy altar of Dithmenos.
  5880 | D:7      | Found an ornate altar of the Wu Jian Council.
  5939 | D:7      | Noticed a hornet
  5952 | D:7      | Killed a hornet
  5952 | D:7      | Reached *** piety under Okawaru
  6125 | D:7      | Reached skill level 7 in Shields
  6252 | D:7      | Reached skill level 5 in Fighting
  6498 | D:8      | Reached XP level 10. HP: 51/51 MP: 11/11
  6553 | D:8      | Reached **** piety under Okawaru
  6989 | D:8      | Reached skill level 8 in Shields
  7086 | D:8      | Noticed a two-headed ogre
  7100 | D:8      | Killed a two-headed ogre
  7180 | D:8      | Noticed a two-headed ogre
  7195 | D:8      | Killed a two-headed ogre
  7195 | D:8      | Reached ***** piety under Okawaru
  7195 | D:8      | Reached skill level 1 in Invocations
  7518 | D:8      | Reached skill level 9 in Shields
  7518 | D:8      | Reached XP level 11. HP: 56/56 MP: 12/12
  7966 | D:9      | Received a gift from Okawaru
  7969 | D:9      | Got a bloodstained broad axe {god gift}
  7970 | D:9      | Identified the +8 broad axe of Zozxoz {drain, +Fly rElec rF- Str+3} (Okawaru gifted it to you on level 9 of the Dungeon)
  8327 | D:10     | Entered Level 10 of the Dungeon
  8504 | D:10     | Noticed a two-headed ogre
  8511 | D:10     | Killed a two-headed ogre
  8540 | D:10     | Noticed Maurice
  8545 | D:10     | Killed Maurice
  8688 | D:10     | Received a gift from Okawaru
  8695 | D:10     | Got a smoking large shield {god gift}
  8706 | D:10     | Identified the +3 large shield of Tulips {rN+ MR++ rCorr Stlth-} (Okawaru gifted it to you on level 10 of the Dungeon)
  8836 | D:10     | Reached skill level 10 in Shields
  8951 | D:10     | Found a staircase to the Orcish Mines.
  9095 | D:11     | Found a basalt altar of Yredelemnul.
  9200 | D:11     | Found a staircase to the Lair.
  9200 | D:11     | Noticed a death yak
  9202 | D:11     | Noticed a death yak
  9203 | D:11     | Noticed a death yak
  9205 | D:11     | Noticed a death yak
  9207 | D:11     | Killed a death yak
  9207 | D:11     | Reached skill level 10 in Axes
  9209 | D:11     | Killed a death yak
  9211 | D:11     | Killed a death yak
  9211 | D:11     | Gained mutation: You heal very quickly. [Vine Stalker growth]
  9211 | D:11     | Reached XP level 12. HP: 58/62 MP: 11/13
  9212 | D:11     | Killed a death yak
  9273 | D:11     | Found a blossoming altar of Fedhas.
  9761 | Lair:1   | Entered Level 1 of the Lair of Beasts
  9775 | Lair:1   | Got a pitted scale mail
  9786 | Lair:1   | Identified the +6 scale mail "Ocrogir" {Str+3 Int+6 Dex+2 Stlth-} (You found it on level 1 of the Lair of Beasts)
  9975 | Lair:1   | Received a gift from Okawaru
  9981 | Lair:1   | Got a crude war axe {god gift}
  9982 | Lair:1   | Identified the +2 war axe "Hydrabane" {freeze, rPois Int+3} (Okawaru gifted it to you on level 1 of the Lair of Beasts)
 10660 | Lair:2   | Found a hole to the Spider Nest.
 10966 | Lair:2   | Reached skill level 11 in Shields
 11016 | Lair:2   | Reached ****** piety under Okawaru
 11021 | Lair:2   | Reached XP level 13. HP: 65/68 MP: 14/14
 11029 | Lair:2   | Noticed Urug
 11044 | Lair:2   | Killed Urug
 11044 | Lair:2   | Received a gift from Okawaru
 11047 | Lair:2   | Got a pair of polished gloves {god gift}
 11058 | Lair:2   | Identified the +2 pair of gloves of Day {rC+ rN++ MP-9 Slay+3} (Okawaru gifted it to you on level 2 of the Lair of Beasts)
 11426 | Lair:3   | Found a staircase to the Swamp.
 11464 | Lair:3   | Got a bloodstained ring mail
 12496 | Lair:4   | Noticed Rupert
 12520 | Lair:4   | Killed Rupert
 13371 | Lair:5   | Found a staircase to the Slime Pits.
 13371 | Lair:5   | Found a viscous altar of Jiyva.
 13466 | Lair:5   | Received a gift from Okawaru
 13852 | Lair:6   | Entered Level 6 of the Lair of Beasts
 13853 | Lair:6   | Found a labyrinth entrance.
 13876 | Lab      | Entered a labyrinth
 14008 | Lab      | Received a gift from Okawaru
 14174 | Lab      | Noticed a minotaur
 14181 | Lab      | Killed a minotaur
 14185 | Lab      | Identified Sif Muna's Incunabulum of Dislocation
 14193 | Lab      | Identified the Papyrus of Enchantment
 14222 | Lair:6   | Identified the +3 ring mail "Haziz" {+Fly rF- Int+4} (You found it on level 3 of the Lair of Beasts)
 14243 | Lair:6   | Noticed an entropy weaver
 14258 | Lair:5   | Killed an entropy weaver
 14342 | Lair:6   | Reached XP level 14. HP: 74/74 MP: 15/15
 14366 | Lair:6   | Noticed an entropy weaver
 14367 | Lair:6   | Reached skill level 12 in Shields
 14371 | Lair:6   | Killed an entropy weaver
 14449 | Lair:6   | Received a gift from Okawaru
 14543 | Lair:6   | Got a smoking plate armour
 14558 | Lair:6   | Identified the cursed +1 plate armour of Vovvoevi {rCorr Str-4 Slay+3} (You found it on level 6 of the Lair of Beasts)
 14886 | Lair:6   | Received a gift from Okawaru
 15736 | Lair:2   | Identified a scroll of acquirement
 15747 | Lair:2   | Learned a level 2 spell: Blink
 15766 | Spider:1 | Entered Level 1 of the Spider Nest
 15772 | Spider:1 | Noticed an entropy weaver
 16187 | Spider:1 | Killed an entropy weaver
 16187 | Spider:1 | Reached XP level 15. HP: 72/79 MP: 15/17
 16223 | Spider:1 | Reached skill level 13 in Shields
 16246 | Spider:1 | Received a gift from Okawaru
 16284 | Spider:1 | Got a shimmering quick blade {god gift}
 16487 | Spider:1 | Reached skill level 5 in Dodging
 16489 | Spider:1 | Received a gift from Okawaru
 17536 | Spider:2 | Reached skill level 15 in Axes
 18241 | Spider:3 | Received a gift from Okawaru
 18241 | Spider:3 | Reached skill level 10 in Fighting
 18249 | Spider:3 | Noticed an emperor scorpion
 18263 | Spider:3 | Killed an emperor scorpion
 18293 | Spider:3 | Got a scorched buckler {god gift}
 18307 | Spider:3 | Identified the +5 buckler of the Comet {rF+++ rC- Str+2 SInv} (Okawaru gifted it to you on level 3 of the Spider Nest)
 18430 | Spider:3 | Noticed an emperor scorpion
 18442 | Spider:3 | Killed an emperor scorpion
 18444 | Spider:3 | Reached skill level 14 in Shields
 18451 | Spider:3 | Reached XP level 16. HP: 59/85 MP: 18/18
 18955 | Spider:4 | Entered Level 4 of the Spider Nest
 19125 | Spider:4 | Noticed Arachne
 19133 | Spider:4 | Killed Arachne
 19279 | Spider:4 | Received a gift from Okawaru
 19293 | Spider:4 | Paralysed by a hornet for 2 turns
 19656 | Spider:4 | Got a gossamer rune of Zot
 20118 | Lair:2   | Identified the +3 quick blade "Quobb" {venom, Str+7 Stlth-} (Okawaru gifted it to you on level 1 of the Spider Nest)
 20172 | Swamp:1  | Entered Level 1 of the Swamp
 20172 | Swamp:1  | Noticed Frances
 20345 | Swamp:1  | Killed Frances
 20511 | Swamp:1  | Reached XP level 17. HP: 91/91 MP: 20/20
 20527 | Swamp:1  | Found a frozen archway.
 20543 | IceCv    | Entered an ice cave
 21424 | IceCv    | Noticed an Ice Fiend
 21444 | IceCv    | Killed an Ice Fiend
 21444 | IceCv    | Reached skill level 15 in Shields
 21627 | IceCv    | Got a shimmering copper ring
 21629 | IceCv    | Got a pair of warped boots
 21635 | IceCv    | Identified the +2 pair of boots of Oliff {rPois rF- Int+8} (You found it in an ice cave)
 21637 | IceCv    | Identified the ring of Disaster {+Inv +Fly SInv Stlth+} (You found it in an ice cave)
 21802 | Swamp:1  | Received a gift from Okawaru
 22252 | Swamp:2  | Found a transporter.
 22320 | Swamp:2  | Found a transporter.
 22883 | Swamp:2  | Paralysed by the power of Zot for 5 turns
 22888 | Swamp:2  | Gained mutation: You are weak. (Str -2) [the power of Zot]
 22923 | Swamp:2  | Got a scintillating granite ring
 22925 | Swamp:2  | Identified the ring of Pyusaso {rElec rPois rC++ MR+ Stlth+} (You found it on level 2 of the Swamp)
 23240 | Swamp:3  | Received a gift from Okawaru
 23368 | Swamp:3  | Noticed Jorgrun
 23376 | Swamp:3  | Killed Jorgrun
 23523 | Swamp:3  | Noticed Kirke
 23543 | Swamp:3  | Killed Kirke
 23559 | Swamp:3  | Noticed Aizul
 23573 | Swamp:3  | Killed Aizul
 23997 | Swamp:4  | Entered Level 4 of the Swamp
 23997 | Swamp:4  | Noticed Donald
 24016 | Swamp:3  | Killed Donald
 24184 | Swamp:4  | Reached XP level 18. HP: 78/96 MP: 21/21
 24208 | Swamp:4  | Received a gift from Okawaru
 24210 | Swamp:4  | Noticed Roxanne
 24542 | Swamp:4  | Noticed a bone dragon
 24555 | Swamp:4  | Killed a bone dragon
 24568 | Swamp:4  | Got a decaying rune of Zot
 24743 | Swamp:4  | Killed Roxanne
 24744 | Swamp:4  | Identified Roxanne's Incunabulum of Transmigration (You took it off Roxanne on level 4 of the Swamp)
 25001 | Swamp:4  | Reached skill level 16 in Shields
 25459 | Orc:1    | Entered Level 1 of the Orcish Mines
 25474 | Orc:1    | Noticed Erica
 25484 | Orc:1    | Killed Erica
 25839 | Orc:2    | Entered Level 2 of the Orcish Mines
 25839 | Orc:2    | Noticed Snorg
 25844 | Orc:2    | Killed Snorg
 26040 | Orc:2    | Received a gift from Okawaru
 26063 | Orc:2    | Identified a +2 pair of boots of running (Okawaru gifted it to you on level 2 of the Orcish Mines)
 26268 | Orc:2    | Found a staircase to the Elven Halls.
 26529 | Orc:2    | Found Jinuruy's Assorted Antiques.
 26529 | Orc:2    | Found Ynank's Weapon Shop.
 26531 | Orc:2    | Found Xegg's Weapon Boutique.
 26533 | Orc:2    | Found Cuyrisuk's Antique Armour Shoppe.
 26714 | Orc:2    | Bought a scroll of identify for 44 gold pieces
 26714 | Orc:2    | Bought a scroll of immolation for 77 gold pieces
 26714 | Orc:2    | Bought a scroll of identify for 44 gold pieces
 26714 | Orc:2    | Bought a scroll of magic mapping for 77 gold pieces
 26714 | Orc:2    | Bought a scroll labeled QEMUTT VYWU for 22 gold pieces
 26754 | Elf:1    | Entered Level 1 of the Elven Halls
 27503 | Elf:1    | Found Bisam's Distillery.
 27516 | Elf:1    | Bought a potion of brilliance for 52 gold pieces
 27516 | Elf:1    | Bought a potion of brilliance for 52 gold pieces
 27516 | Elf:1    | Bought a potion of haste for 130 gold pieces
 27516 | Elf:1    | Bought a potion of curing for 39 gold pieces
 27516 | Elf:1    | Bought a potion of curing for 39 gold pieces
 27516 | Elf:1    | Bought 2 potions of agility for 104 gold pieces
 27516 | Elf:1    | Bought a potion of agility for 52 gold pieces
 27667 | Elf:1    | Found Ifaulelu's Jewellery Emporium.
 27667 | Elf:1    | Found Pihank's Gadget Boutique.
 27668 | Elf:1    | Found Wacked's Jewellery Emporium.
 27681 | Elf:1    | Bought a cursed amulet of inaccuracy for 28 gold pieces
 27681 | Elf:1    | Bought an uncursed ring of protection from fire for 350 gold pieces
 28029 | Elf:1    | Reached XP level 19. HP: 78/103 MP: 22/22
 28445 | Elf:2    | Reached skill level 5 in Stealth
 28452 | Elf:2    | Found a large runed door.
 28452 | Elf:2    | Found a large runed door.
 28473 | Elf:2    | Reached skill level 10 in Armour
 28475 | Elf:2    | Found a large runed door.
 28475 | Elf:2    | Found a large runed door.
 28765 | Elf:2    | Received a gift from Okawaru
 28973 | Elf:2    | Got a shimmering broad axe {god gift}
 28974 | Elf:2    | Identified the +6 broad axe "Pocewn" {protect, *Corrode rElec MP+9} (Okawaru gifted it to you on level 2 of the Elven Halls)
 29071 | Elf:2    | Reached skill level 1 in Evocations
 29257 | Elf:3    | Entered Level 3 of the Elven Halls
 29623 | Elf:3    | Received a gift from Okawaru
 29630 | Elf:3    | Reached skill level 17 in Shields
 29670 | Elf:3    | Got a pair of steaming gloves {god gift}
 29681 | Elf:3    | Identified the +0 pair of gloves "Wynasche" {Int+3 Slay+4} (Okawaru gifted it to you on level 3 of the Elven Halls)
 30304 | Elf:3    | Got a flickering golden ring
 30306 | Elf:3    | Identified the ring "Vigabluh" {EV+3 Int+3 Dex+3} (You took it off a deep elf mage on level 3 of the Elven Halls)
 30483 | Elf:3    | Reached skill level 1 in Spellcasting
 30522 | Elf:3    | Reached XP level 20. HP: 103/111 MP: 14/23
 30736 | Elf:3    | Identified the Catalogue of Poisoning and Beguiling
 30744 | Elf:3    | Identified Rebrik's Volume of Snow and the Arsonist
 30749 | Elf:3    | Identified the Incunabulum of Frigorific Black Rites
 30799 | Elf:3    | Got an ichor-stained helmet
 30805 | Elf:3    | Identified the cursed +0 helmet "Suceshri" {rPois} (You found it on level 3 of the Elven Halls)
 30810 | Elf:3    | Got an ichor-stained chain mail
 30821 | Elf:3    | Identified the +1 chain mail of Ypitish {rPois} (You found it on level 3 of the Elven Halls)
 31532 | D:12     | Noticed Erolcha
 31541 | D:12     | Killed Erolcha
 31956 | D:13     | Received a gift from Okawaru
 31961 | D:13     | Found a gate to the Vaults.
 32383 | D:13     | Found a blossoming altar of Fedhas.
 32595 | Vaults:1 | Entered Level 1 of the Vaults
 33131 | Vaults:1 | Reached skill level 5 in Spellcasting
 33177 | Vaults:1 | Found Wyneitel's Antique Armour Shoppe.
 33190 | Vaults:1 | Bought a pair of heavily runed boots for 237 gold pieces
 33190 | Vaults:1 | Bought an embroidered scarf for 200 gold pieces
 33207 | Vaults:1 | Identified the +1 pair of boots of Forking Paths {rN+ Str-3 Dex+2} (You bought it in a shop on level 1 of the Vaults)
 33524 | Vaults:1 | Found a portal to a secret trove of treasure.
 33706 | Vaults:2 | Reached skill level 18 in Shields
 33904 | Vaults:2 | Reached skill level 15 in Fighting
 33953 | Vaults:2 | Found Jun Wepa's General Store.
 33961 | Vaults:2 | Bought a potion of resistance for 190 gold pieces
 33961 | Vaults:2 | Bought a scroll of teleportation for 57 gold pieces
 33961 | Vaults:2 | Bought a scroll of identify for 38 gold pieces
 33961 | Vaults:2 | Bought a scroll of fear for 66 gold pieces
 33961 | Vaults:2 | Bought a scroll of magic mapping for 66 gold pieces
 34078 | Vaults:2 | Reached XP level 21. HP: 90/117 MP: 21/30
 34080 | Vaults:2 | Received a gift from Okawaru
 34770 | Vaults:2 | Found a staircase to the Crypt.
 35029 | Vaults:3 | Found Efeo's Assorted Antiques.
 35039 | Vaults:3 | Bought a scroll of enchant weapon for 270 gold pieces
 35039 | Vaults:3 | Bought a scroll of identify for 72 gold pieces
 36312 | Elf:1    | Bought an uncursed amulet of magic regeneration for 420 gold pieces
 36590 | Vaults:1 | Lost mutation: You are weak. (Str -2) [potion of mutation]
 36590 | Vaults:1 | Gained mutation: You are partially covered in rugged brown scales. (AC +1, +3% HP) [potion of mutation]
 36590 | Vaults:1 | Gained mutation: Scrolls take you a little longer to read. [potion of mutation]
 36590 | Vaults:1 | Gained mutation: You are somewhat resistant to further mutation. [potion of mutation]
 36591 | Vaults:1 | Lost mutation: You are partially covered in rugged brown scales. (AC +1, +3% HP) [potion of mutation]
 36591 | Vaults:1 | Lost mutation: Scrolls take you a little longer to read. [potion of mutation]
 36591 | Vaults:1 | Lost mutation: You are somewhat resistant to further mutation. [potion of mutation]
 36591 | Vaults:1 | Gained mutation: Scrolls take you a little longer to read. [potion of mutation]
 36591 | Vaults:1 | Gained mutation: You are frail. (-10% HP) [potion of mutation]
 36591 | Vaults:1 | Gained mutation: You possess an exceptional clarity of mind. [potion of mutation]
 36758 | Lair:2   | Lost mutation: Scrolls take you a little longer to read. [potion of mutation]
 36758 | Lair:2   | Lost mutation: You are frail. (-10% HP) [potion of mutation]
 36758 | Lair:2   | Lost mutation: You possess an exceptional clarity of mind. [potion of mutation]
 36758 | Lair:2   | Gained mutation: You regenerate. [potion of mutation]
 36758 | Lair:2   | Gained mutation: Armour fits poorly on your strangely shaped body. [potion of mutation]
 36758 | Lair:2   | Gained mutation: You are partially covered in molten scales. (AC +2) [potion of mutation]
 36758 | Lair:2   | Gained mutation: Your flesh is heat resistant. (rF+) [potion of mutation]
 36759 | Lair:2   | Lost mutation: Armour fits poorly on your strangely shaped body. [potion of mutation]
 36759 | Lair:2   | Lost mutation: You regenerate. [potion of mutation]
 36759 | Lair:2   | Gained mutation: You possess an exceptional clarity of mind. [potion of mutation]
 36759 | Lair:2   | Gained mutation: You are frail. (-10% HP) [potion of mutation]
 36759 | Lair:2   | Gained mutation: Your spells are a little harder to cast, but a little more powerful. [potion of mutation]
 36760 | Lair:2   | Lost mutation: You are frail. (-10% HP) [potion of mutation]
 36760 | Lair:2   | Lost mutation: You possess an exceptional clarity of mind. [potion of mutation]
 36760 | Lair:2   | Gained mutation: You evolve. [potion of mutation]
 36760 | Lair:2   | Gained mutation: You have sharp toenails. [potion of mutation]
 36760 | Lair:2   | Gained mutation: You passively map a small area around you. [potion of mutation]
 36907 | Vaults:1 | You paid a toll of +4 ice dragon scales to enter a treasure trove
 36908 | Trove    | Entered a treasure trove
 36984 | Trove    | Identified Sif Muna's Handbook of the Compass
 37040 | Vaults:1 | Learned a level 3 spell: Regeneration
 37046 | Vaults:1 | Learned a level 5 spell: Silence
 37164 | Vaults:4 | Received a gift from Okawaru
 37466 | Vaults:4 | Noticed Sojobo
 37490 | Vaults:4 | Killed Sojobo
 37540 | Vaults:4 | Reached skill level 19 in Shields
 37644 | Vaults:4 | Lost mutation: You have sharp toenails. [evolution]
 38304 | Vaults:4 | Reached XP level 22. HP: 95/124 MP: 19/36
 38404 | Vaults:4 | Received a gift from Okawaru
 38518 | Vaults:5 | Entered Level 5 of the Vaults
 38550 | Vaults:5 | Reached skill level 10 in Spellcasting
 38688 | Vaults:5 | Received a gift from Okawaru
 38714 | Vaults:5 | Got a spiked helmet
 38720 | Vaults:5 | Identified the +3 helmet of the Townfolk {rF+ Int+2 Dex+3} (You found it on level 5 of the Vaults)
 38785 | Vaults:5 | Got a silver rune of Zot
 38996 | Vaults:5 | Received a gift from Okawaru
 39068 | Vaults:5 | Noticed a golden dragon
 39079 | Vaults:5 | Killed a golden dragon
 39082 | Vaults:5 | Noticed a golden dragon
 39093 | Vaults:5 | Killed a golden dragon
 39174 | Vaults:5 | Found the +2 shield of Resistance {rF+ rC+ MR+}
 39299 | Vaults:5 | Reached skill level 1 in Charms
 39310 | Vaults:5 | Reached XP level 23. HP: 111/130 MP: 30/39
 39325 | Vaults:5 | Reached skill level 20 in Shields
 39408 | Vaults:5 | Noticed Boris
 39422 | Vaults:5 | Killed Boris
 39543 | Vaults:5 | Received a gift from Okawaru
 39828 | Vaults:5 | Found Egoirhir's Food Shop.
 39847 | Vaults:5 | Found Lyw Noa's Food Emporium.
 39891 | Vaults:5 | Found Kuajiu's Food Boutique.
 40224 | Vaults:5 | Identified the +7 war axe of Irimpug {drain, *Corrode rElec rN+} (You found it on level 5 of the Vaults)
 40804 | D:14     | Reached skill level 1 in Necromancy
 40836 | D:14     | Lost mutation: You evolve. [end of evolution]
 41409 | D:15     | Entered Level 15 of the Dungeon
 41584 | D:15     | Found an opulent altar of Gozag.
 41622 | D:15     | Received a gift from Okawaru
 41637 | D:15     | Got a bloodstained broad axe {god gift}
 41638 | D:15     | Identified the +5 broad axe of Nachenua {chop, Int+4} (Okawaru gifted it to you on level 15 of the Dungeon)
 41848 | D:15     | Found a staircase to the Depths.
 41854 | D:15     | Reached skill level 10 in Dodging
 41898 | D:15     | Noticed Josephine
 41909 | D:15     | Killed Josephine
 42103 | Depths:1 | Entered Level 1 of the Depths
 42166 | Depths:1 | Reached XP level 24. HP: 110/137 MP: 26/41
 42254 | Depths:1 | Paralysed by a floating eye for 4 turns
 42872 | Depths:1 | Found a gateway to Hell.
 42990 | Depths:2 | Received a gift from Okawaru
 43052 | Depths:2 | Noticed a juggernaut
 43060 | Depths:2 | Killed a juggernaut
 43072 | Depths:2 | Noticed Nikola
 43081 | Depths:2 | Killed Nikola
 43081 | Depths:2 | Reached skill level 21 in Shields
 43151 | Depths:2 | Noticed Saint Roka
 43177 | Depths:2 | Killed Saint Roka
 43465 | Depths:2 | Reached skill level 5 in Necromancy
 43921 | Depths:3 | Reached skill level 5 in Charms
 43952 | Depths:3 | Found a one-way gate leading to the halls of Pandemonium.
 44020 | Depths:3 | Received a gift from Okawaru
 44035 | Depths:3 | Found a magical portal.
 44046 | WizLab   | Entered The Hall of the Hellbinder
 44288 | WizLab   | Gained mutation: Scrolls take you a little longer to read. [a neqoxec]
 44294 | WizLab   | Found a burning altar of Makhleb.
 44314 | WizLab   | Gained mutation: You have a pair of small horns on your head. [a neqoxec]
 44328 | WizLab   | Identified the Incunabulum of the Escort
 44357 | WizLab   | Reached XP level 25. HP: 115/143 MP: 33/42
 45028 | Depths:3 | Received a gift from Okawaru
 45137 | Depths:3 | Reached skill level 15 in Spellcasting
 45210 | Depths:3 | Identified the amulet "Ilaoco" {Regen+ Dex+2} (You took it off a deep elf high priest on level 3 of the Depths)
 45401 | Depths:3 | Found a gateway to a ziggurat.
 45451 | Depths:3 | Found the +1 cloak of Starlight {rElec rC+ EV+4 Stlth--}
 45467 | Depths:3 | Received a gift from Okawaru
 45472 | Depths:3 | Identified the +1 mace "Welosivi" {antimagic, rPois rN+} (Okawaru gifted it to you on level 3 of the Depths)
 46520 | Depths:4 | Found the +27 Lear's hauberk
 46815 | Depths:4 | Noticed a juggernaut
 46841 | Depths:4 | Killed a juggernaut
 46841 | Depths:4 | Received a gift from Okawaru
 46841 | Depths:4 | Reached XP level 26. HP: 109/150 MP: 31/43
 46869 | Depths:4 | Identified the Collected Works on Ice and Envenoming
 46877 | Depths:4 | Got a vibrating silver ring
 46879 | Depths:4 | Identified the ring "Denacvai" {Fire rN++ SInv} (You found it on level 4 of the Depths)
 46989 | Depths:4 | Found a one-way gate to the infinite horrors of the Abyss.
 46993 | Depths:4 | Reached skill level 1 in Maces & Flails
 47090 | Depths:5 | Entered Level 5 of the Depths
 47141 | Depths:5 | Reached skill level 22 in Shields
 47182 | Depths:5 | Found a shattered altar of Ashenzari.
 47364 | Depths:5 | Noticed Xtahua
 47370 | Depths:5 | Killed Xtahua
 47375 | Depths:5 | Noticed the Enchantress
 47386 | Depths:5 | Cast into level 2 of the Abyss (the Enchantress)
 47566 | Abyss:2  | Received a gift from Okawaru
 47584 | Abyss:2  | Identified the -1 pair of boots of Rayzopn {rF++} (Okawaru gifted it to you on level 2 of the Abyss)
 47699 | Depths:5 | Escaped the Abyss
 47707 | Depths:5 | Reached skill level 1 in Air Magic
 47712 | Depths:5 | Killed the Enchantress
 47972 | Depths:5 | Found a gate to the Realm of Zot.
 48542 | Pan      | Entered Pandemonium
 48554 | Pan      | Gained mutation: Your body sometimes deteriorates upon taking damage. [a cacodemon]
 48690 | Pan      | Reached skill level 5 in Air Magic
 48916 | Pan      | Gained mutation: You are dopey. (Int -2) [a cacodemon]
 48930 | Pan      | Identified the cursed +0 scale mail of the Vacuum {*Contam Int+3} (You found it in Pandemonium)
 49054 | Pan      | Found a runed door.
 49062 | Pan      | Noticed Mennas
 49099 | Pan      | Killed Mennas
 49099 | Pan      | Received a gift from Okawaru
 49465 | Pan      | Gained mutation: You are very dopey. (Int -4) [a cacodemon]
 49498 | Pan      | Gained mutation: You occasionally shout uncontrollably at your foes. [a cacodemon]
 49529 | Pan      | Noticed Nodoghar the pandemonium lord
 49529 | Pan      | Gained mutation: You are frail. (-10% HP) [a cacodemon]
 49542 | Pan      | Killed Nodoghar the pandemonium lord
 49542 | Pan      | Reached skill level 1 in Translocations
 49546 | Pan      | Reached XP level 27. HP: 100/139 MP: 38/44
 49548 | Pan      | Gained mutation: You are occasionally teleported next to monsters. [a cacodemon]
 49653 | Pan      | Entered the realm of Lom Lobon.
 49688 | Pan      | Noticed ZomBoFoB's ghost (legendary DDEE)
 49694 | Pan      | HP: 2/139 [ZomBoFoB's ghost/crystal spear (48)]
 49696 | Pan      | Killed from afar by ZomBoFoB's ghost

Vault maps used:
D:1:      lemuel_arrival_rhombus, minmay_fountain_box
D:2:      grunt_temple_overflow_open, nicolae_ru_the_path_less_chosen,
          uniq_jessica
D:3:      fedhas_altar_fruit_tree
D:4:      minmay_temple_entry_hall
D:5:      first_ration, lightli_church_of_beogh
D:6:      eat_drink_and_be_merry_uskayaw, uniq_eustachio,
          uniq_crazy_yiuf_cottage
D:7:      grunt_dithmenos_smoke, kennysheep_mini, grunt_ogre_cave,
          minmay_misc_feat_enclosed
D:8:      grunt_ministairs_10
D:10:     david_orc_4, fountainhead, uniq_maurice
D:11:     dpeg_lair_monsters, hangedman_feature_mirror
D:12:     uniq_erolcha
D:13:     david_vaults_1, basic_altar, corexii_hall_statues_i, minivault_23,
          kennysheep_crisscross
D:14:     kennysheep_nub
D:15:     hangedman_depths_entry_try_elsewhere_first, basic_altar,
          nicolae_sextant, uniq_josephine
Lair:1:   lemuel_fruit_fields, lemuel_fruit_tree, serial_bayou_shore_b
Lair:2:   nicolae_spider_entry_tight_spaces, minivault_26, uniq_urug
Lair:3:   minmay_swamp_entry_reptiles, minmay_lair_oklob_items
Lair:4:   uniq_rupert
Lair:5:   slime_altar_1, serial_bayou_shore_a
Lair:6:   evilmike_catoblepas_cave, lab_entry_generic, st_stairs_4,
          eino_small_chamber_without_monster, minivault_29
Swamp:1:  portal_ice_cave_entry_ice_statue_one, hangedman_swamp_pad,
          swamp_pool3, uniq_frances
Swamp:2:  gammafunk_its_a_trap, evilmike_swamp_ruin_house_1
Swamp:3:  nicolae_swamp_fairy_circle, infiniplex_staircase_pool, uniq_kirke,
          uniq_aizul, uniq_jorgrun
Swamp:4:  swamp_pestilence, uniq_donald, uniq_roxanne
Spider:3: nicolae_spider_mines_3
Spider:4: johnstein_spider_rune_arachne_lair
Orc:1:    uniq_erica
Orc:2:    st_orc_rangers, special_room, nicolae_orc_damp_corner, uniq_snorg
Elf:1:    minmay_elf_arrival_summoners, serial_shops, nicolae_shop_crystal,
          orc_legates, minmay_shop_grove
Elf:3:    elf_hall
Vaults:1: ontoclasm_vaults_spin, vaults_room_fours, v_misc_22,
          nicolae_vaults_alarming, vaults_mumra_lcd, serial_ice_m,
          ontoclasm_vaults_loading_screen, v_misc_18, ontoclasm_vaults_shuriken,
          nicolae_trove_entry_crossroad, serial_shops, shop
Vaults:2: nicolae_vaults_network_periphery, hangedman_vaults_trim,
          vaults_room_semicircle, hangedman_vaults_corner,
          nicolae_vaults_little_squares_6, hangedman_vaults_snaps,
          ontoclasm_vaults_fault, v_misc_33, hangedman_vaults_nails,
          nicolae_vaults_gold_heap, minmay_crypt_entry_simple_round, v_misc_25,
          nicolae_vaults_little_squares_6, serial_shops,
          nicolae_shop_behind_doors
Vaults:3: nicolae_vaults_puzzle_piece, hangedman_vaults_stitches,
          vaults_room_pool, hangedman_vaults_river_flow, hangedman_vaults_locks,
          nicolae_vaults_asterisk, nicolae_vaults_circle_grid_a, serial_shops,
          shop
Vaults:4: vaults_mumra_chevron, nicolae_vaults_disjoint_gnomons, v_misc_4,
          ontoclasm_vaults_bender, v_misc_1, v_misc_8, vaults_dpeg_diagonal,
          vaults_mumra_hex, uniq_sojobo
Vaults:5: uniq_boris
Depths:1: hangedman_coc_ice_floe, minmay_misc_feat_pillars,
          small_chamber_with_monster, hangedman_decor_points,
          minmay_misc_feat_doors
Depths:2: minmay_textured_paths, nrook_mini_vaults, hell_entry,
          basic_loot_grate_trap, firewood_loft, uniq_saint_roka, uniq_nikola
Depths:3: hangedman_box_tower, enter_ziggurat_f, mu_enter_wizlab_4,
          grunt_pan_entry_sceptre, hell_entry
Depths:4: minmay_the_grid_triangle_9x9_rhombus_full, abyss_entry,
          lightli_too_deep, serial_bayou_shore_b, pan_entry,
          infiniplex_staircase_pillars_1
Depths:5: grunt_zot_entry_tricorne, grunt_hell_entry_dis_mu,
          nicolae_ashenzari_panopticon, nicolae_water_bricks, uniq_enchantress,
          uniq_xtahua
Abyss:2:  hangedman_cross_veins
Pan:      rand_demon_9, uniq_mennas_pan, lom_lobon_grunt
Lab:      nicolae_lab_dead_adventurers, nicolae_lab_starburst, lab_block,
          nicolae_lab_do_over, nicolae_lab_hexagon
Trove:    trove_books_scrolls
IceCv:    ice_cave_caverns_02
WizLab:   wizlab_demon

Skill      XL: |  1  2  3  4  5  6  7  8  9 10 11 12 13 14 15 16 17 18 19 20 21 22 23 24 25 26 27 |
---------------+----------------------------------------------------------------------------------+-----
Fighting       | 3 4 5 6 7 8 9 10 11 12 14 15 16 17 18 19 | 19.5
Armour         | 3 4 5 6 7 8 9 10 11 | 11.6
Axes           | 2 3 4 6 7 8 10 11 13 14 15 16 17 18 | 18.0
Shields        | 3 4 5 7 9 10 11 12 14 15 16 17 18 19 20 21 22 | 22.5
Stealth        | 1 2 3 4 6 7 |  7.1
Dodging        | 1 2 3 4 5 6 7 8 9 10 | 10.9
Invocations    | 1 2 3 |  3.8
Evocations     | 1 |  1.3
Spellcasting   | 1 5 9 11 13 14 15 16 | 16.2
Charms         | 1 2 5 7 8 |  8.5
Necromancy     | 3 5 8 |  8.6
Maces & Flails | 4 |  4.1
Air Magic      | 6 |  6.7
Translocations | 1 2 |  2.2

Action                   |  1- 3 |  4- 6 |  7- 9 | 10-12 | 13-15 | 16-18 | 19-21 | 22-24 | 25-27 || total
-------------------------+-------+-------+-------+-------+-------+-------+-------+-------+-------++-------
Melee: War axe           |    51 |       |       |    99 |   119 |    25 |       |       |       ||   294
       Bite              |    17 |    58 |    98 |   187 |   292 |   513 |   533 |   573 |   530 ||  2801
       Hand axe          |    17 |   205 |   322 |   222 |    19 |    40 |       |       |       ||   825
       Broad axe         |       |       |       |   157 |   501 |   977 |  1111 |  1022 |   594 ||  4362
       Headbutt          |       |       |       |       |       |       |       |     4 |   355 ||   359
       Demon whip        |       |       |       |       |       |       |       |       |   184 ||   184
       Sacred scourge    |       |       |       |       |       |       |       |       |   105 ||   105
 Cast: Regeneration      |       |       |       |       |       |       |       |     8 |     1 ||     9
Invok: Heroism           |       |       |     7 |     7 |    10 |     9 |     2 |     9 |     8 ||    52
       Finesse           |       |       |       |       |       |     1 |       |     1 |       ||     2
Evoke: Wand              |       |       |       |       |       |     1 |     2 |     3 |       ||     6
  Use: Scroll            |       |     4 |     5 |     2 |    11 |    10 |    12 |     8 |    23 ||    75
       Potion            |       |       |       |       |       |     1 |     5 |     1 |     1 ||     8
 Stab: Sleeping          |       |     1 |       |       |       |       |     2 |     1 |     2 ||     6
       Petrified         |       |       |       |       |     4 |       |       |       |       ||     4
       Confused          |       |       |       |       |       |     4 |       |       |       ||     4
       Distracted        |       |       |       |       |       |     2 |     2 |     2 |     2 ||     8
       Petrifying        |       |       |       |       |       |       |       |     2 |       ||     2
       Invisible         |       |       |       |       |       |       |       |       |     3 ||     3
  Eat: Chunk             |     1 |     8 |     6 |    18 |     6 |     8 |    12 |     2 |     1 ||    62
       Ration            |       |       |     1 |       |     6 |     7 |     5 |     6 |     4 ||    29
Armor: Scale mail        |    29 |    67 |       |    21 |   167 |   235 |   120 |   172 |   105 ||   916
       Chain mail        |       |       |   137 |   119 |       |       |       |       |       ||   256
Dodge: Dodged            |    28 |    44 |    73 |    91 |   158 |   233 |   198 |   333 |   216 ||  1374
       Deflected         |       |       |       |       |       |       |     4 |       |       ||     4
Block: Shield            |    31 |   144 |   283 |   255 |       |       |       |       |       ||   713
       Reflection        |       |     3 |    24 |     7 |     3 |   111 |   156 |   102 |    35 ||   441
       Large shield      |       |       |       |   199 |   805 |  1038 |   716 |  1169 |   820 ||  4747
       Buckler           |       |       |       |       |       |    60 |   178 |       |       ||   238

Table legend:
 A = Spawn XP
 B = Non-spawn XP
 C = Spawn XP percentage of total XP
 D = Spawn monster count
 E = Non-spawn monster count
 F = Spawn count percentage of total count
 G = Total turns spent on level
                    A         B        C        D         E        F      G
               +---------+---------+-------+---------+---------+-------+---------
         Total |   15727 | 1261206 |   1.2 |      28 |    2348 |   1.2 | 49696
               +---------+---------+-------+---------+---------+-------+---------
           D:1 |       0 |      36 |   0.0 |       0 |      20 |   0.0 |  1443
           D:2 |       0 |     110 |   0.0 |       0 |      27 |   0.0 |   877
           D:3 |       0 |     291 |   0.0 |       0 |      41 |   0.0 |   790
           D:4 |       0 |     236 |   0.0 |       0 |      21 |   0.0 |   701
           D:5 |       0 |    1262 |   0.0 |       0 |      50 |   0.0 |  1307
           D:6 |       0 |     798 |   0.0 |       0 |      16 |   0.0 |   537
           D:7 |       0 |    2201 |   0.0 |       0 |      40 |   0.0 |  1304
           D:8 |       0 |    4934 |   0.0 |       0 |      39 |   0.0 |   781
           D:9 |       0 |    1325 |   0.0 |       0 |      19 |   0.0 |   587
          D:10 |       0 |    4819 |   0.0 |       0 |      46 |   0.0 |   915
          D:11 |       0 |    5867 |   0.0 |       0 |      27 |   0.0 |   856
          D:12 |       0 |    9889 |   0.0 |       0 |      52 |   0.0 |   705
          D:13 |       0 |   15778 |   0.0 |       0 |      71 |   0.0 |   747
          D:14 |       0 |    9477 |   0.0 |       0 |      43 |   0.0 |   732
          D:15 |       0 |   17006 |   0.0 |       0 |      41 |   0.0 |   860
        Lair:1 |       0 |    2861 |   0.0 |       0 |      12 |   0.0 |   824
        Lair:2 |       0 |    9455 |   0.0 |       0 |      36 |   0.0 |  1620
        Lair:3 |       0 |    4210 |   0.0 |       0 |      20 |   0.0 |  1271
        Lair:4 |       0 |    7249 |   0.0 |       0 |      18 |   0.0 |   937
        Lair:5 |       0 |    5939 |   0.0 |       0 |      23 |   0.0 |   655
        Lair:6 |       0 |   29462 |   0.0 |       0 |     110 |   0.0 |  1374
       Swamp:1 |       0 |   17584 |   0.0 |       0 |      31 |   0.0 |   841
       Swamp:2 |       0 |    6280 |   0.0 |       0 |      16 |   0.0 |   783
       Swamp:3 |       0 |   30042 |   0.0 |       0 |      50 |   0.0 |  1037
       Swamp:4 |       0 |   37476 |   0.0 |       0 |      78 |   0.0 |  1165
      Spider:1 |       0 |   17161 |   0.0 |       0 |      47 |   0.0 |   779
      Spider:2 |       0 |   15411 |   0.0 |       0 |      41 |   0.0 |  1202
      Spider:3 |       0 |   17312 |   0.0 |       0 |      37 |   0.0 |   871
      Spider:4 |       0 |   39236 |   0.0 |       0 |      69 |   0.0 |  1040
         Orc:1 |       0 |    5558 |   0.0 |       0 |      42 |   0.0 |   414
         Orc:2 |       0 |    8853 |   0.0 |       0 |      63 |   0.0 |  1256
         Elf:1 |       0 |   35105 |   0.0 |       0 |      61 |   0.0 |  1410
         Elf:2 |       0 |   34483 |   0.0 |       0 |      46 |   0.0 |  1061
         Elf:3 |       0 |   58562 |   0.0 |       0 |      62 |   0.0 |  1968
      Vaults:1 |       0 |   25378 |   0.0 |       0 |      49 |   0.0 |  1542
      Vaults:2 |       0 |   51847 |   0.0 |       0 |      92 |   0.0 |  1405
      Vaults:3 |       0 |   33962 |   0.0 |       0 |      53 |   0.0 |   935
      Vaults:4 |       0 |   45973 |   0.0 |       0 |      55 |   0.0 |  1411
      Vaults:5 |       0 |  186834 |   0.0 |       0 |     163 |   0.0 |  1764
      Depths:1 |       0 |   55391 |   0.0 |       0 |      80 |   0.0 |   674
      Depths:2 |       0 |   62897 |   0.0 |       0 |      68 |   0.0 |   954
      Depths:3 |       0 |  115452 |   0.0 |       0 |     113 |   0.0 |  1728
      Depths:4 |       0 |   45003 |   0.0 |       0 |      29 |   0.0 |  1071
      Depths:5 |       0 |   72660 |   0.0 |       0 |      64 |   0.0 |  1051
       Abyss:2 |    2904 |   16376 |  15.1 |       8 |      27 |  22.9 |   313
           Pan |   12823 |   55695 |  18.7 |      20 |      39 |  33.9 |  1154
           Lab |       0 |    1877 |   0.0 |       0 |       7 |   0.0 |   335
         IceCv |       0 |    9856 |   0.0 |       0 |      59 |   0.0 |  1125
        WizLab |       0 |   25737 |   0.0 |       0 |      35 |   0.0 |   482
               +---------+---------+-------+---------+---------+-------+---------
